 Dungeon Crawl Stone Soup version 0.29-a0-789-g7a8fcbc185 (webtiles) character file.

Game seed: 9411194575067082404

19 purpskrrrp the Shooter (level 2, -1/15 HPs)
             Began as a Vine Stalker Wanderer on July 2, 2022.
             Slain by a hobgoblin (4 damage)
             ... on level 2 of the Dungeon.
             The game lasted 00:03:33 (1144 turns).

purpskrrrp the Shooter (Vine Stalker Wanderer)      Turns: 1144, Time: 00:03:34

Health: -1/15      AC:  2    Str: 12    XL:     2   Next: 75%
Magic:  0/3        EV: 11    Int: 12    God:
Gold:   49         SH:  0    Dex: 15    Spells: 1/1 levels left

rFire   . . .      SeeInvis .   f - +0 dagger
rCold   . . .      Faith    .   (no shield)
rNeg    . . .      Spirit   +   d - +0 robe
rPois   .          Reflect  .   (no helmet)
rElec   .          Harm     .   (no cloak)
rCorr   .          Rampage  .   (no gloves)
Will    .....                   (no boots)
Stlth   ++........              (no amulet)
HPRegen 0.05/turn               (no ring)
MPRegen 0.08/turn               (no ring)

@: no status effects
A: fangs 2, magic shield, antimagic bite, no potion heal 2
a: no special abilities


You were on level 2 of the Dungeon.
You visited 1 branch of the dungeon, and saw 2 of its levels.

You collected 49 gold pieces.

Inventory:

Hand Weapons
 a - a +3 sling
 f - a +0 dagger (weapon)
Armour
 d - a +0 robe (worn)
Jewellery
 i - an amulet of faith
Scrolls
 c - a scroll of blinking
 e - a scroll of identify {unknown}
Potions
 b - a potion of curing
 g - a potion of lignification {unknown}
 h - a potion of invisibility {unknown}


   Skills:
 + Level 1.8 Fighting
 * Level 0.1 Short Blades
 * Level 3.3 Ranged Weapons
 - Level 1.0 Throwing
 + Level 1.6 Armour
 * Level 2.6 Stealth


You had one spell level left.
You didn't know any spells.
Your spell library was empty.

Dungeon Overview and Level Annotations

Branches:
Dungeon (1/15)

Altars:


Innate Abilities, Weirdness & Mutations

You have extremely sharp teeth.
When hurt, damage is shared between your health and your magic reserves.
Your bite disrupts and absorbs the magic of your enemies.
Potions cannot restore your health.


Message History

a +0 club; a stone
There is an open door here.
There is a fountain of clear blue water here.
There is a shaft here.
You fall into a shaft and drop 1 floor!
The shaft crumbles and collapses.
Found a leather armour and 12 gold pieces.
You see here a +0 leather armour.
A hobgoblin comes into view.
Found a potion of curing.
The hobgoblin shouts!
An endoplasm comes into view.
You see here 12 gold pieces.
Found a robe.
The endoplasm quivers.
You hit the hobgoblin. Your bite misses the hobgoblin.
The hobgoblin is heavily wounded.
The hobgoblin hits you.
You barely miss the hobgoblin.
The hobgoblin is heavily wounded.
The hobgoblin closely misses you. The hobgoblin attacks as you move away!
The hobgoblin hits you. The hobgoblin attacks as you move away!
The hobgoblin hits you.
You see here a +0 leather armour.
You barely miss the endoplasm. The endoplasm hits you.
You hit the endoplasm but do no damage.
The endoplasm hits you but does no damage.
You hit the endoplasm. You bite the endoplasm.
You kill the endoplasm!
You barely miss the hobgoblin.
The hobgoblin is moderately wounded.
The hobgoblin closely misses you.
You closely miss the hobgoblin.
The hobgoblin is moderately wounded.
The hobgoblin hits you.
* * * LOW HITPOINT WARNING * * *
You hit the hobgoblin.
The hobgoblin is severely wounded.
The hobgoblin hits you.
You die...

#..... ..#.....##
..!......####
..........#.
[..........
..........#
..........#
........$.######.###
..........g@.......#
.........###.......#
..#......# ##......#
######.. ########
.... #..#. #..###
#...


You could see a hobgoblin.

Vanquished Creatures
  A bat (D:1)
  4 endoplasms
  A giant cockroach (D:1)
  2 goblins (D:1)
  4 kobolds (D:1)
  A quokka (D:1)
  2 ball pythons (D:1)
  A frilled lizard (D:1)
  2 rats (D:1)
18 creatures vanquished.

Notes
Turn   | Place    | Note
-------+----------+-------------------------------------------
     0 | D:1      | purpskrrrp the Vine Stalker Wanderer began the quest for
                  | the Orb.
     0 | D:1      | purpskrrrp set off with the following items: a +3 sling, a
                  | potion of curing, a scroll of blinking, a +0 robe.
     0 | D:1      | Reached XP level 1. HP: 11/11 MP: 2/2
   157 | D:1      | Reached skill level 3 in Ranged Weapons
   162 | D:1      | Reached XP level 2. HP: 15/15 MP: 3/3
  1125 | D:1      | You fall into a shaft and drop 1 floor!
  1144 | D:2      | Slain by a hobgoblin

Illustrated notes

Levels and vault maps discovered:
D:1:      dpeg_arrival_chambers_temple_mockup, layout_basic
D:2:      layout_rooms, basic_altar, ebering_ecumenical_altar_rust,
          uniq_crazy_yiuf_cottage

Skill      XL: |  1 |
---------------+----+-----
Ranged Weapons | 3 |  3.3
Fighting       | |  1.8
Short Blades   | |  0.1
Throwing       | |  1.0
Armour         | |  1.6
Stealth        | |  2.6

Action                   || total
-------------------------++-------
Melee: Dagger            ||    23
       Bite              ||     4
 Fire: Sling             ||    25
  Use: Scroll            ||     1
 Stab: Sleeping          ||     2
Armor: Robe              ||     4
Dodge: Dodged            ||    14

Table legend: (Time is in decaauts)
 A = Elapsed time spent in this place.
 B = Non-inter-level travel time spent in this place.
 C = Inter-level travel time spent in this place.
 D = Time resting spent in this place.
 E = Time spent auto-exploring this place.
 F = Levels seen in this place.
 G = Mean time per level.
                   A        B        C        D        E       F      G
               +--------+--------+--------+--------+--------+-----+--------+
         Total |   1149 |   1028 |    121 |    259 |    647 |   2 |  574.5 |
       Dungeon |   1149 |   1028 |    121 |    259 |    647 |   2 |  574.5 |
               +--------+--------+--------+--------+--------+-----+--------+

Top non-repeatable levels by time:
     D:1: 1131 daAuts
     D:2: 18 daAuts
